 Dungeon Crawl Stone Soup version 0.26-a0-1181-gd376ed14c5 (webtiles) character file.

Game seed: 14623742819537396973

27738 sahdkjhfkaj the Phalangite (level 13, -3/145 HPs)
             Began as a Merfolk Berserker on Dec 25, 2020.
             Was an Elder of Trog.
             Slain by a hog (8 damage)
             ... led by Kirke
             ... on level 5 of the Lair of Beasts.
             The game lasted 00:23:23 (18061 turns).

sahdkjhfkaj the Phalangite (Merfolk Berserker)     Turns: 18061, Time: 00:23:24

Health: -3/145     AC: 13    Str: 23    XL:     13   Next: 34%
Magic:  13/13      EV: 13    Int:  6    God:    Trog [****..]
Gold:   919        SH:  0    Dex: 13    Spells: 12/12 levels left

rFire    + + .     SeeInvis +   a - +0 scythe
rCold    + . .     Faith    .   (shield currently unavailable)
rNeg     . . .     Spirit   .   w - +1 chain mail {rF+}
rPois    +         Reflect  .   (no helmet)
rElec    .         Harm     .   (no cloak)
rCorr    .         Rampage  .   H - +2 pair of gloves
Will     ++...                  u - +0 pair of boots
Stlth    ..........             (no amulet)
HPRegen  1.34/turn              q - +4 ring of evasion
MPRegen  0.13/turn              C - ring "Timih" {rPois rF+ rC+ SInv}

@: berserking (expiring), regenerating (expiring), very quick
A: change form in water, swift swim, stealthy swim
a: Renounce Religion, Berserk, Trog's Hand, Brothers in Arms


You were on level 5 of the Lair of Beasts.
You worshipped Trog.
Trog was greatly pleased with you.
You visited 2 branches of the dungeon, and saw 15 of its levels.
You also visited: Gauntlet and Volcano.

You collected 919 gold pieces.

Inventory:

Hand Weapons
 a - a +0 scythe (weapon)
 b - a +4 trident of protection
Armour
 u - a +0 pair of boots (worn)
 w - a +1 chain mail of fire resistance (worn)
 H - a +2 pair of gloves (worn)
Jewellery
 q - a +4 ring of evasion (left hand)
 C - the ring "Timih" (right hand) {rPois rF+ rC+ SInv}
   (You acquired it on level 9 of the Dungeon)

   [ring of see invisible]

   It protects you from fire.
   It protects you from cold.
   It protects you from poison.
   It lets you see invisible.
 E - an uncursed ring of resist corrosion
 L - an uncursed ring of flight {unknown}
 N - an uncursed ring of ice
 P - an uncursed ring of stealth {unknown}
Wands
 r - a wand of enslavement (8)
 v - a wand of random effects (63)
 I - a wand of disintegration (4)
 K - a wand of flame (28)
Scrolls
 c - 4 scrolls of remove curse
 d - 14 scrolls of teleportation {!r}
 e - 3 scrolls of enchant weapon
 f - a scroll of identify
 g - 4 scrolls of magic mapping
 i - a scroll of noise
 n - 2 scrolls of immolation
 x - a scroll of random uselessness {unknown}
 y - 3 scrolls of blinking
 F - 4 scrolls of enchant armour
 M - a scroll of brand weapon
 O - a scroll of vulnerability {unknown}
Potions
 h - 4 potions of might
 j - a potion of heal wounds
 k - 2 potions of flight
 l - 3 potions of ambrosia
 m - 3 potions of haste
 o - a potion of lignification {unknown}
 p - 3 potions of magic
 s - a potion of degeneration {unknown}
 t - a potion of invisibility {unknown}
 z - 3 potions of attraction
 A - 6 potions of berserk rage
 B - 3 potions of resistance {unknown}
 D - 3 potions of mutation {unknown}
 G - 3 potions of curing {unknown}
Miscellaneous
 J - a box of beasts


   Skills:
 + Level 7.6 Fighting
 - Level 26.0 Polearms
 - Level 1.3 Armour
 - Level 2.6 Dodging


You had 12 spell levels left.
You didn't know any spells.
Your spell library was empty.

Dungeon Overview and Level Annotations

Branches:
Dungeon (9/15)             Temple (0/1) D:6            Lair (6/6) D:9
  Swamp (0/4) Lair:2        Snake (0/4) Lair:4      Volcano (visited)
Gauntlet (visited)
  Slime: Lair:5-6       Orc: D:9-12

Altars:
Cheibriados
Gozag
Makhleb
Nemelex Xobeh
Okawaru
Qazlal
Ru
Vehumet
Xom

Shops:
D:4 *!:?[   D:8 *

Annotations:
Lair:5 Kirke


Message History

The hog misses you. The hog bites you!
* * * LOW HITPOINT WARNING * * *
The hog closely misses you.
The hog bites you but does no damage. x2
Unknown command.
You barely miss Kirke.
Kirke is heavily wounded.
The hog bites you but does no damage. x2; Kirke hits you!
* * * LOW HITPOINT WARNING * * *
Unknown command.
You closely miss Kirke.
Kirke is heavily wounded.
The hog bites you but does no damage. The hog bites you!
* * * LOW HITPOINT WARNING * * *
The hog misses you. The hog bites you but does no damage.
The hog closely misses you.
You closely miss Kirke.
Kirke is heavily wounded.
You feel the effects of Trog's Hand fading.
The hog bites you but does no damage. The hog bites you!
You die...

##### #####.#.### .#
#.#.......## .##
#..........## ..###. #
##.....P....####...... #
#............#......#. #
#.....................
###............hhh......
.P#............h@@H.....
....†..........hhh......
........................
.....##.................
..#####.#...............
..# ##................
..# P................
... .................
.... ...P......


You could see Kirke (invisible), a sphinx (summoned) and 7 hogs.

Vanquished Creatures
  A stone giant (Volcano)
  A minotaur (Gauntlet)
  3 hydras
  Fannar (Lair:2)
  A catoblepas (Lair:2)
  Erica (Lair:1)
  A queen ant (Gauntlet)
  3 death yaks (D:9)
  A soul eater (Gauntlet)
  Sonja (Lair:2)
  Nergalle (Lair:2)
  An oklob plant (Gauntlet)
  3 black mambas (Lair:2)
  6 cane toads
  Maggie (D:6)
  5 komodo dragons
  2 rime drakes
  An efreet (Volcano)
  8 blink frogs
  3 shadows (Gauntlet)
  2 basilisks
  24 yaks
  Sigmund (D:3)
  A vampire (D:9)
  2 fire elementals (Volcano)
  2 acid dragons
  Edmund (D:5)
  A naga (Lair:4)
  5 water moccasins
  3 soldier ants (Gauntlet)
  3 orc warriors
  An ice beast (D:7)
  A sky beast (D:8)
  3 black bears
  4 ogres
  2 wolves (Lair:4)
  3 centaurs
  2 big kobolds
  10 bullfrogs
  A gnoll sergeant (D:9)
  2 earth elementals (Volcano)
  10 killer bees
  5 wights (D:8)
  2 howler monkeys (D:7)
  An electric eel (Lair:2)
  A quasit (D:8)
  3 hounds
  3 orc priests
  2 jellies
  2 bullfrog skeletons
  3 orc wizards
  An iguana (D:7)
  5 worker ants
  A killer bee zombie (D:7)
  A hound zombie (D:5)
  A worker ant zombie (D:9)
  10 gnolls
  8 adders
  A howler monkey skeleton (D:6)
  2 river rats (D:9)
  5 shadow imps
  An ufetubus (D:8)
  An adder zombie (D:5)
  5 worms
  4 dart slugs
  7 leopard geckos
  43 orcs
  5 giant cockroaches
  11 goblins
  6 hobgoblins
  4 jackals (D:3)
  4 quokkas
  A ball python (D:2)
  11 bats
  6 frilled lizards
  19 kobolds
  11 rats
325 creatures vanquished.

Vanquished Creatures (collateral kills)
  A black mamba (Lair:2)
  4 wolves (Lair:4)
  6 killer bees (D:7)
11 creatures vanquished.

Vanquished Creatures (others)
  An orc (D:5)
  18 fungi
  12 plants
  13 withered plants (Gauntlet)
44 creatures vanquished.

Grand Total: 380 creatures vanquished

Notes
Turn   | Place    | Note
-------+----------+-------------------------------------------
     0 | D:1      | sahdkjhfkaj the Merfolk Berserker began the quest for the
                  | Orb.
     0 | D:1      | Reached XP level 1. HP: 18/18 MP: 1/1
   139 | D:1      | Reached XP level 2. HP: 23/25 MP: 2/2
   487 | D:1      | Reached XP level 3. HP: 31/31 MP: 3/3
   824 | D:2      | Reached ** piety under Trog
  1043 | D:2      | Reached skill level 5 in Fighting
  1119 | D:2      | Reached XP level 4. HP: 17/39 MP: 4/4
  1370 | D:2      | Found a faded altar of an unknown god.
  1572 | D:2      | Reached XP level 5. HP: 44/46 MP: 5/5
  2138 | D:3      | Reached skill level 5 in Polearms
  2165 | D:3      | Reached *** piety under Trog
  2192 | D:3      | Noticed Sigmund
  2207 | D:3      | Killed Sigmund
  2208 | D:3      | Reached skill level 7 in Polearms
  2208 | D:3      | Reached XP level 6. HP: 31/52 MP: 6/6
  2799 | D:4      | Found Seitoy's Book Emporium.
  2837 | D:4      | Found a burning altar of Makhleb.
  2872 | D:4      | Reached skill level 8 in Polearms
  2878 | D:4      | Found Deinokk Utent's Magic Scroll Boutique.
  2979 | D:4      | Found Vapud's Antique Armour Shop.
  3047 | D:4      | Found a sparkling altar of Nemelex Xobeh.
  3119 | D:4      | Reached skill level 9 in Polearms
  3119 | D:4      | Reached XP level 7. HP: 58/58 MP: 7/7
  3293 | D:4      | Found Gurghiri's General Store.
  3312 | D:4      | Found Goca's Distillery.
  3368 | D:4      | Reached skill level 10 in Polearms
  3518 | D:5      | Entered Level 5 of the Dungeon
  3647 | D:5      | Noticed Edmund
  3659 | D:5      | Killed Edmund
  3703 | D:5      | Reached skill level 11 in Polearms
  3795 | D:5      | Reached XP level 8. HP: 53/64 MP: 8/8
  3902 | D:5      | Reached **** piety under Trog
  4461 | D:6      | Reached skill level 12 in Polearms
  4650 | D:6      | Noticed Maggie
  4665 | D:6      | Killed Maggie
  4666 | D:6      | Reached skill level 13 in Polearms
  4736 | D:6      | Found a staircase to the Ecumenical Temple.
  5446 | D:7      | Reached skill level 14 in Polearms
  5446 | D:7      | Reached XP level 9. HP: 25/69 MP: 9/9
  5752 | D:7      | Found an opulent altar of Gozag.
  6331 | D:8      | Reached skill level 15 in Polearms
  6660 | D:8      | Found a sacrificial altar of Ru.
  6814 | D:8      | Reached skill level 16 in Polearms
  7101 | D:8      | Found Lozoxih's Assorted Antiques.
  7297 | D:8      | Found a radiant altar of Vehumet.
  7297 | D:8      | Found a stormy altar of Qazlal.
  7302 | D:8      | Found a shimmering altar of Xom.
  7320 | D:8      | Reached skill level 17 in Polearms
  7320 | D:8      | Found a faded altar of an unknown god.
  7529 | D:8      | Found a faded altar of an unknown god.
  7769 | D:9      | Reached XP level 10. HP: 76/76 MP: 10/10
  7781 | D:9      | Found a snail-covered altar of Cheibriados.
  7966 | D:9      | Reached ***** piety under Trog
  8216 | D:9      | Found an iron altar of Okawaru.
  8250 | D:9      | Reached skill level 18 in Polearms
  8255 | D:9      | Noticed a death yak
  8257 | D:9      | Noticed a death yak
  8260 | D:9      | Noticed a death yak
  8679 | D:9      | Found a staircase to the Lair.
  8985 | D:9      | Identified a scroll of acquirement
  8985 | D:9      | Acquired the ring "Timih" {rPois rF+ rC+ SInv}
  9478 | D:9      | Found an iron altar of Okawaru.
  9529 | D:9      | Killed a death yak
  9530 | D:9      | Reached skill level 19 in Polearms
  9535 | D:9      | Killed a death yak
  9540 | D:9      | Killed a death yak
  9541 | D:9      | Reached skill level 20 in Polearms
  9772 | Lair:1   | Entered Level 1 of the Lair of Beasts
  9803 | Lair:1   | Found a gate leading to a gauntlet.
  9812 | Gauntlet | Entered a Gauntlet
  9812 | Gauntlet | Found a transporter.
  9812 | Gauntlet | Found a transporter.
  9812 | Gauntlet | Noticed a necromancer
  9812 | Gauntlet | Noticed a death yak
  9812 | Gauntlet | Noticed a death yak
  9812 | Gauntlet | Noticed a death yak
  9812 | Gauntlet | Noticed a death yak
  9812 | Gauntlet | Noticed a death yak
  9812 | Gauntlet | Noticed a queen ant
  9816 | Gauntlet | Found a transporter.
  9828 | Gauntlet | Found a transporter.
  9833 | Gauntlet | Found a transporter.
  9833 | Gauntlet | Noticed an oklob plant
  9839 | Gauntlet | Found a transporter.
  9847 | Gauntlet | Found a transporter.
  9850 | Gauntlet | Noticed a soul eater
  9864 | Gauntlet | Found a transporter.
  9868 | Gauntlet | Found a large runed translucent door.
  9869 | Gauntlet | Found a large runed translucent door.
  9870 | Gauntlet | Found a large runed translucent door.
  9870 | Gauntlet | Found a large runed translucent door.
  9871 | Gauntlet | Found a runed translucent gate.
  9872 | Gauntlet | Found a transporter.
  9872 | Gauntlet | Found a runed translucent gate.
  9873 | Gauntlet | Found a runed translucent gate.
  9874 | Gauntlet | Found a large runed translucent door.
  9874 | Gauntlet | Found a large runed translucent door.
  9875 | Gauntlet | Found a large runed translucent door.
  9876 | Gauntlet | Found a large runed translucent door.
  9885 | Gauntlet | Found a large runed translucent door.
  9885 | Gauntlet | Found a large runed translucent door.
  9885 | Gauntlet | Found a runed translucent door.
  9885 | Gauntlet | Found a runed translucent door.
  9886 | Gauntlet | Found a large runed translucent door.
  9887 | Gauntlet | Found a large runed translucent door.
  9889 | Gauntlet | Found a transporter.
  9926 | Gauntlet | Found a transporter.
  9968 | Gauntlet | Found a transporter.
  9979 | Gauntlet | Found a large runed translucent door.
  9980 | Gauntlet | Found a large runed translucent door.
  9981 | Gauntlet | Found a large runed translucent door.
  9981 | Gauntlet | Found a large runed translucent door.
 10033 | Gauntlet | Killed a queen ant
 10034 | Gauntlet | Reached XP level 11. HP: 66/81 MP: 11/11
 10330 | Gauntlet | Killed a soul eater
 10331 | Gauntlet | Reached skill level 21 in Polearms
 10690 | Gauntlet | Killed an oklob plant
 10922 | Gauntlet | Noticed a minotaur
 10924 | Gauntlet | Found the +9 staff of Wucad Mu {channel}
 10936 | Gauntlet | Killed a minotaur
 11188 | Gauntlet | Identified the Incunabulum of Bewitching Summoning
 11194 | Gauntlet | Identified Pinintu's Grimoire of Execration
 11560 | Lair:1   | Reached skill level 22 in Polearms
 11747 | Lair:1   | Noticed Erica
 11755 | Lair:1   | Killed Erica
 11849 | Lair:1   | Noticed a six-headed hydra
 11868 | Lair:1   | Killed a six-headed hydra
 12466 | Lair:2   | Found a staircase to the Swamp.
 12823 | Lair:2   | Noticed Nergalle
 12839 | Lair:2   | Reached XP level 12. HP: 55/88 MP: 12/12
 12855 | Lair:2   | Reached skill level 23 in Polearms
 12864 | Lair:2   | Killed Nergalle
 13137 | Lair:2   | Noticed Fannar
 13154 | Lair:2   | Killed Fannar
 13450 | Lair:2   | Noticed Sonja
 13459 | Lair:2   | Killed Sonja
 13486 | Lair:2   | Noticed a seven-headed hydra
 13496 | Lair:2   | Killed a seven-headed hydra
 13775 | Lair:2   | Noticed a catoblepas
 13784 | Lair:2   | Killed a catoblepas
 13785 | Lair:2   | Reached skill level 24 in Polearms
 15307 | Lair:3   | You fall into a shaft and drop 2 floors!
 15378 | Lair:5   | Found a shimmering altar of Xom.
 15499 | Lair:4   | Reached skill level 25 in Polearms
 15716 | Lair:4   | Found a dark tunnel.
 15729 | Lair:4   | Found a staircase to the Snake Pit.
 15743 | Volcano  | Entered a volcano
 16140 | Volcano  | Noticed a stone giant
 16157 | Volcano  | Killed a stone giant
 16158 | Volcano  | Reached XP level 13. HP: 44/93 MP: 13/13
 16874 | Lair:4   | Reached skill level 26 in Polearms
 17966 | Lair:4   | You fall into a shaft and drop 2 floors!
 17966 | Lair:6   | Entered Level 6 of the Lair of Beasts
 18043 | Lair:5   | Noticed Kirke
 18048 | Lair:5   | Noticed a sphinx
 18060 | Lair:5   | HP: 4/145 [hog[Kirke] (10)]
 18061 | Lair:5   | Slain by a hog

Illustrated notes

Levels and vault maps discovered:
D:1:      saegor_arrival_simple_a, layout_rooms, minmay_tetromino_i2
D:2:      layout_loops_ring, chequers_ecumenical_altar_simple
D:3:      layout_basic, chequers_serial_rivers_micro_c, uniq_sigmund
D:4:      layout_basic, bloody_makhleb, serial_shops, kennysheep_mini_moat,
          kennysheep_little_box, shop, nicolae_shop_overgrown_old_shop, shop,
          nemelex_xobeh_ov_fountains_minmay
D:5:      layout_loops_ring, uniq_edmund
D:6:      layout_rooms, minmay_temple_entry_gardened_gates, uniq_maggie
D:7:      layout_basic, lemuel_doored_altar
D:8:      layout_loops_ring, old_standard_altar,
          chequers_temple_overflow_minitemple, serial_shops,
          nicolae_shop_behind_doors
D:9:      layout_roguey [special_room_orc], okawaru_ov_weapons_minmay,
          old_standard_altar, dpeg_lair_monsters
Lair:1:   layout_chaotic_city, gauntlet_entry_generic, uniq_erica
Lair:2:   layout_roguey, swamp_mist_pool, uniq_nergalle, uniq_fannar, uniq_sonja
Lair:3:   layout_chaotic_city, cheibrodos_lair_caveside_slide, uniq_rupert
Lair:4:   layout_long_grid, guppyfry_snake_entry_garden, enter_volcano_1
Lair:5:   layout_cave_pods, basic_altar, lookout_lair_type, minmay_holes,
          minivault_26, lemuel_fruit_fields, uniq_kirke
Lair:6:   evilmike_catoblepas_cave, layout_hall_layers, slime_dummy

Skill      XL: |  1  2  3  4  5  6  7  8  9 10 11 12 13 |
---------------+----------------------------------------+-----
Fighting       | 4 5 6 7 |  7.6
Polearms       | 7 9 11 14 17 20 22 25 26 | 26.0
Armour         | |  1.3
Dodging        | |  2.6

Action                   |  1- 3 |  4- 6 |  7- 9 | 10-12 | 13-15 || total
-------------------------+-------+-------+-------+-------+-------++-------
Melee: Spear             |   118 |    71 |       |       |       ||   189
       Scythe            |       |   107 |   295 |   591 |   185 ||  1178
       Trident           |       |       |       |    15 |    11 ||    26
Invok: Berserk           |     2 |     2 |     2 |    15 |     1 ||    22
       Trog's Hand       |       |     1 |     1 |     4 |     3 ||     9
       Brothers in Arms  |       |       |     1 |     2 |     2 ||     5
Evoke: Wand              |       |       |       |     9 |       ||     9
  Use: Scroll            |     2 |     7 |     6 |     6 |     2 ||    23
       Potion            |     2 |       |       |       |     1 ||     3
 Stab: Sleeping          |     1 |       |       |       |       ||     1
       Distracted        |       |       |     1 |     1 |       ||     2
Armor: Animal skin       |     4 |       |       |       |       ||     4
       Ring mail         |     7 |       |       |       |       ||     7
       Scale mail        |       |    72 |    10 |       |       ||    82
       Chain mail        |       |       |   158 |   190 |   108 ||   456
Dodge: Dodged            |    61 |   194 |   302 |   344 |   169 ||  1070

Table legend: (Time is in decaauts)
 A = Elapsed time spent in this place.
 B = Non-inter-level travel time spent in this place.
 C = Inter-level travel time spent in this place.
 D = Time resting spent in this place.
 E = Time spent auto-exploring this place.
 F = Levels seen in this place.
 G = Mean time per level.
                   A        B        C        D        E       F      G
               +--------+--------+--------+--------+--------+-----+--------+
         Total |  18242 |  17758 |    484 |   2340 |  12696 |  17 | 1073.1 |
       Dungeon |   9982 |   9607 |    375 |    498 |   7405 |   9 | 1109.1 |
          Lair |   6095 |   5986 |    109 |    579 |   4712 |   6 | 1015.8 |
       Volcano |    701 |    701 |      0 |    207 |    410 |   1 |  701.0 |
      Gauntlet |   1462 |   1462 |      0 |   1056 |    169 |   1 | 1462.0 |
               +--------+--------+--------+--------+--------+-----+--------+

Top non-repeatable levels by time:
  Lair:2: 2519 daAuts
     D:8: 1894 daAuts
  Lair:4: 1727 daAuts
     D:9: 1697 daAuts
  Lair:1: 1575 daAuts
Gauntlet: 1462 daAuts
     D:7: 1363 daAuts
     D:2: 1146 daAuts
     D:5: 888 daAuts
     D:3: 882 daAuts
     D:1: 806 daAuts
     D:4: 757 daAuts
 Volcano: 701 daAuts
     D:6: 546 daAuts
  Lair:5: 266 daAuts
